 Dungeon Crawl Stone Soup version 0.20-a0-1122-gb7cbeb9 (webtiles) character file.

42 Gorglomux the Sneak (level 3, 0/18 HPs)
             Began as a Vine Stalker Assassin on May 12, 2017.
             Slain by a shadow imp (3 damage)
             ... summoned by Natasha
             ... on level 2 of the Dungeon on May 13, 2017.
             The game lasted 00:03:50 (946 turns).

Gorglomux the Sneak (Vine Stalker Assassin)          Turns: 946, Time: 00:03:51

Health: 0/18       AC:  3    Str: 13    XL:     3   Next: 54%
Magic:  0/4        EV: 11    Int: 11    God:
Gold:   49         SH:  0    Dex: 16    Spells: 2/2 levels left

rFire    . . .     SeeInvis .   a - +2 dagger
rCold    . . .     Gourm    .   (no shield)
rNeg     . . .     Faith    .   c - +0 robe
rPois    .         Spirit   +   (no helmet)
rElec    .         Reflect  .   d - +0 cloak
rCorr    .         Harm     .   (no gloves)
MR       .....                  (no boots)
Stlth    +++.......             (no amulet)
Regen    0.1/turn               (no ring)
MPRegen  0.1/turn               (no ring)

@: no status effects
A: fangs 2, magic shield, antimagic bite, no potion heal 3, rot immunity
a: no special abilities


You were on level 2 of the Dungeon.
You were not hungry.

You visited 1 branch of the dungeon, and saw 2 of its levels.

You collected 49 gold pieces.

Inventory:

Hand Weapons
 a - a +2 dagger (weapon)
 b - a +0 blowgun
Missiles
 e - 6 poisoned needles
 f - a curare-tipped needle
Armour
 c - a +0 robe (worn)
 d - a +0 cloak (worn)
Scrolls
 i - a scroll of immolation {unknown}
 k - a scroll of magic mapping {unknown}
 l - a scroll of remove curse {unknown}
 p - a scroll of recharging {unknown}
 r - a scroll of amnesia {unknown}
 s - a scroll of enchant armour {unknown}
Potions
 m - a potion of curing {unknown}
 o - a potion of magic {unknown}
 q - a potion of flight {unknown}
Comestibles
 g - a bread ration {@e1@e1}
 h - 6 fruits
 j - a meat ration {@e2@e2}
 n - 5 chunks of flesh {@w0@w0}


   Skills:
 - Level 1.7 Fighting
 + Level 2.6 Short Blades
 - Level 1.7 Throwing
 - Level 0.7 Dodging
 + Level 5.7 Stealth


You had 2 spell levels left.
You didn't know any spells.

Dungeon Overview and Level Annotations

Branches:
Dungeon (2/15)

Altars:

Annotations:
D:2 Natasha


Innate Abilities, Weirdness & Mutations

You have extremely sharp teeth.
When hurt, damage is shared between your health and your magic reserves.
Your bite disrupts and absorbs the magic of your enemies.
Potions cannot restore your health.
You are immune to rotting.


Message History

You kill the adder!
You see here an adder corpse.
Found a stone staircase leading down.
q - a puce potion
Found a stone staircase leading up.
A goblin comes into view.
A goblin is nearby!
A goblin is nearby!
The helpless goblin fails to defend itself.
You impale the goblin!!
You kill the goblin!
No target in view!
You see here a goblin corpse.
You now have 49 gold pieces (gained 5).
A kobold comes into view. It is wielding a dagger.
A kobold is nearby!
A kobold is nearby!
Found a stone staircase leading down.
The kobold shouts!
You hear a shout!
The kobold throws a stone.
The stone closely misses you. The kobold hits you with a dagger.
A kobold comes into view.
You take 1 damage, and have 17/18 hp.
You hit the kobold. Your bite misses the kobold.
The kobold hits you but does no damage.
You hit the kobold.
You kill the kobold!
You barely miss the kobold. Your bite misses the kobold.
The kobold hits you but does no damage.
A leopard gecko comes into view.
The leopard gecko hisses angrily.
You hit the kobold but do no damage. You bite the kobold. You drain its power.
The kobold barely misses you.
Health restored: 18 You closely miss the kobold.
The kobold barely misses you.
A giant cockroach comes into view.
You barely miss the kobold. You hit the kobold.
You kill the kobold!
You barely miss the leopard gecko. You bite the leopard gecko.
You drain its power.
The leopard gecko bites you but does no damage.
You hit the leopard gecko.
You kill the leopard gecko!
The giant cockroach closely misses you.
You hit the giant cockroach.
You kill the giant cockroach!
No target in view!
No target in view!
You see here a leopard gecko corpse.
You butcher the leopard gecko corpse.
n - 7 chunks of flesh {@w0@w0} (gained 2)
Things that are here:
a dagger; 3 stones; a kobold corpse Some of the chunks of flesh in your inventory have rotted away.
r - a scroll labeled HATARU JUSKENI
There is a stone staircase leading down here.
Some of the chunks of flesh in your inventory have rotted away.
s - a scroll labeled FYLIERCHATAQ Natasha, Servant of Life and Death comes into view.
b - a +0 blowgun (weapon)
Aim: Natasha (resting)
You shoot a curare-tipped needle. The curare-tipped needle hits Natasha.
Natasha is poisoned.
Natasha convulses.
Natasha seems to slow down.
Natasha hisses angrily.
Natasha mumbles some strange words.
Unknown command.
Aim: Natasha (heavily wounded, slow, poisoned)
Okay, then.
There isn't anything here!
Unknown command.
An ooze comes into view.
There isn't anything here!
Okay, then.
Aim: Natasha (severely wounded, slow, poisoned)
You shoot a poisoned needle.
The poisoned needle barely misses Natasha.
The ooze quivers.
The shadow imp shouts, "Slither hence, thou unhinged shard-borne dandiprat!"
The shadow imp barely misses you.
Natasha stares at you and mumbles some strange words.
The magic dart hits you!
You take 2 damage, and have 16/18 hp.
Aim: Natasha (severely wounded, slow, poisoned)
You shoot a poisoned needle. The poisoned needle hits Natasha.
Natasha looks even sicker.
The shadow imp hits you.
You take 1 damage, and have 15/18 hp.
a - a +2 dagger (weapon)
The shadow imp closely misses you.
A rat comes into view.
The shadow imp disappears for a moment.
The shadow imp gestures at you. Pain shoots through your body!
The ooze hits you.
You take 6 damage, and have 9/18 hp.
MASSIVE DAMAGE!!
You now have 3/4 mp.
You miss Natasha. You bite Natasha, but do no damage. Natasha claws you!
* * * LOW HITPOINT WARNING * * *
The shadow imp hits you.
You die...

.# #....#### ##
#.......# ##...##.#
##.###.# ##### #.##..# #
....#######.##.## .#
.##.#.....#.##.####..#..
........................
.##............5@J......
.##.#.....#.....h.......
.)........####.##(##...r
........### #.# (# #.#
#.#.###(# #.# .# # .##.#
#... ..# .# ###.# #..##
## .# # #.# ..# .# ###.#
.#


You could see Natasha, an ooze, a shadow imp and a rat (sleeping).

Vanquished Creatures
  An adder (D:2)
  A dart slug (D:1)
  4 leopard geckos
  2 bats (D:1)
  3 giant cockroaches
  2 goblins
  4 jackals (D:1)
  4 kobolds
  2 ball pythons
  A rat (D:1)
24 creatures vanquished.

Notes
Turn   | Place    | Note
-------+----------+-------------------------------------------
     0 | D:1      | Gorglomux the Vine Stalker Assassin began the quest for the Orb.
     0 | D:1      | Reached XP level 1. HP: 11/11 MP: 2/2
   123 | D:1      | Reached skill level 5 in Stealth
   125 | D:1      | Reached skill level 2 in Short Blades
   341 | D:1      | Reached XP level 2. HP: 13/15 MP: 3/3
   694 | D:2      | Reached XP level 3. HP: 14/18 MP: 4/4
   937 | D:2      | Noticed Natasha
   946 | D:2      | HP: 3/18 [Natasha (6)]
   946 | D:2      | Slain by a shadow imp

Vault maps used:
D:1:      minmay_arrival_hallway
D:2:      uniq_robin, uniq_natasha

Skill      XL: |  1 |
---------------+----+-----
Stealth        | 5 |  5.7
Short Blades   | 2 |  2.6
Fighting       | |  1.7
Throwing       | |  1.7
Dodging        | |  0.7

Action                   || total
-------------------------++-------
Melee: Dagger            ||    57
       Bite              ||    10
 Fire: Blowgun           ||     3
 Stab: Sleeping          ||     7
Armor: Robe              ||    17
Dodge: Dodged            ||    24

Vault maps used:
D:1:      minmay_arrival_hallway
D:2:      uniq_robin, uniq_natasha

Table legend:
 A = Turns spent in this place as a percentage of turns spent in the entire game.
 B = Non-inter-level travel turns spent in this place as a percentage of non-inter-level travel turns spent in the entire game.
 C = Inter-level travel turns spent in this place as a percentage of turns spent in this place.
 D = Turns resting spent in this place as a percentage of non-inter-level travel turns spent in this place.
 E = Turns spent auto-exploring this place as a percentage of non-inter-level travel turns spent in this place.
 F = Non-inter-level travel turns spent in this place divided by the number of levels of this place that you've seen.
                   A       B       C       D       E      F
               +-------+-------+-------+-------+-------+----------------------
         Total | 100.0 | 100.0 |   0.7 |   1.4 |  12.9 | 140.0
       Dungeon | 100.0 | 100.0 |   0.7 |   1.4 |  12.9 | 140.0
               +-------+-------+-------+-------+-------+----------------------

Table legend:
 A = Kills in this place as a percentage of kills in entire the game.
 B = Kills by you in this place as a percentage of kills by you in the entire game.
 C = Kills by friends in this place as a percentage of kills by friends in the entire game.
 D = Other kills in this place as a percentage of other kills in the entire game.
 E = Experience gained in this place as a percentage of experience gained in the entire game.
 F = Experience gained in this place divided by the number of levels of this place that you have seen.
                   A       B       C       D       E      F
               +-------+-------+-------+-------+-------+----------------------
         Total | 100.0 | 100.0 |  -nan |  -nan | 100.0 |  30.0
       Dungeon | 100.0 | 100.0 |  -nan |  -nan | 100.0 |  30.0
               +-------+-------+-------+-------+-------+----------------------
